 Dungeon Crawl Stone Soup version 0.25.1-2-g60ff931df9 (webtiles) character file.

Game seed: 6646869890002969096

1500 Impeuri the Slasher (level 8, -11/61 HPs)
             Began as a Demonspawn Gladiator on Aug 21, 2020.
             Was a Believer of Uskayaw.
             Killed by divine providence
             ... invoked by an orc priest
              (14 damage)
             ... on level 5 of the Dungeon.
             The game lasted 00:09:11 (5272 turns).

Impeuri the Slasher (Demonspawn Gladiator)          Turns: 5272, Time: 00:09:12

Health: -11/61     AC: 12    Str: 15    XL:     8   Next: 52%
Magic:  6/10       EV: 14    Int: 10    God:    Uskayaw [**....]
Gold:   203        SH:  0    Dex: 16    Spells: 7/7 levels left

rFire    . . .     SeeInvis .   a - +0 long sword
rCold    . . .     Gourm    .   (no shield)
rNeg     . . .     Faith    .   b - +0 leather armour
rPois    .         Spirit   .   c - +0 helmet
rElec    .         Reflect  .   q - +0 cloak (curse)
rCorr    .         Harm     .   (no gloves)
MR       .....                  j - +0 pair of boots
Stlth    ++........             (no amulet)
HPRegen  0.20/turn              (no ring)
MPRegen  0.12/turn              (no ring)

@: sanguine armour
A: nightstalker 1, spiny 2, sanguine armour 1
a: Stomp, Line Pass, Renounce Religion


You were on level 5 of the Dungeon.
You worshipped Uskayaw.
Uskayaw was noncommittal.
You were hungry.

You visited 2 branches of the dungeon, and saw 6 of its levels.
You also visited: Sewer.

You collected 203 gold pieces.

Inventory:

Hand Weapons
 a - a +0 long sword (weapon)
Missiles
 d - a throwing net (quivered)
 o - 7 poisoned darts
Armour
 b - a +0 leather armour (worn)
 c - a +0 helmet (worn)
 j - a +0 pair of boots (worn)
 q - a cursed +0 cloak (worn)
Wands
 r - a wand of polymorph (6)
 t - a wand of acid (7)
 A - a wand of enslavement (9)
Scrolls
 g - a scroll of fear {unknown}
 l - 2 scrolls of remove curse {unknown}
 m - 4 scrolls of identify {unknown}
 p - 8 scrolls of teleportation {unknown}
 v - a scroll of random uselessness {unknown}
 x - a scroll of immolation {unknown}
 y - a scroll of enchant weapon {unknown}
Potions
 e - 2 potions of lignification
 h - 3 potions of flight {unknown}
 i - 4 potions of curing {unknown}
 k - 2 potions of resistance
 n - a potion of stabbing {unknown}
 s - a potion of brilliance {unknown}
 u - 3 potions of invisibility
 z - a potion of mutation {unknown}
Comestibles
 f - 7 rations


   Skills:
 + Level 4.9 Fighting
 + Level 7.4 Long Blades
 + Level 3.2 Throwing
 + Level 4.8 Dodging
 + Level 2.8 Invocations


You had 7 spell levels left.
You didn't know any spells.
Your spell library was empty.

Dungeon Overview and Level Annotations

Branches:
Dungeon (5/15)             Temple (1/1) D:4           Sewer (visited)

Altars:
Ashenzari
Cheibriados
Dithmenos
Fedhas
Gozag
Hepliaklqana
Kikubaaqudgha
Qazlal
Ru
Sif Muna
Uskayaw
Vehumet
Xom
Yredelemnul
The Shining One

Shops:
D:5 :?:


Innate Abilities, Weirdness & Mutations

You are slightly more attuned to the shadows.
You are mostly covered in sharp spines.
When seriously injured, your bleeding wounds create armour. (AC +6)


Message History

The arrow hits you. The gnoll shaman barely misses you.
You hear something mumble some strange prayers to Beogh against you.
Beogh smites you!
You hit the gnoll shaman.
The gnoll shaman is moderately wounded.
The centaur shoots an arrow.
The arrow hits you!
* * * LOW HITPOINT WARNING * * *
A howler monkey zombie comes into view.
A quokka zombie comes into view.
The gnoll shaman barely misses you.
An orc comes into view. It is wielding a +0 trident.
A wight comes into view. It is wielding a +0 spear.
A wight comes into view. It is wielding a +0 trident.
The orc seems less confused.
The gnoll shaman seems less confused.
The gnoll seems less confused.
The orc hits you with a +0 whip.
* * * LOW HITPOINT WARNING * * *
The centaur shoots an arrow.
The arrow hits you!
* * * LOW HITPOINT WARNING * * *
You hear something invoke the aid of Beogh against you.
Beogh smites you!
You die...

....## ...## ..##
#............. ..#
.............. <.#
..........o... ..#
.............. ..#
..........c.Zo ..#
.............z ..##
.#@(g....z ...##
########.go....Z. ....##
#......#)g.......
.....###......†.g.......
......##..#'#...........
..........+∩'...........
###.......#+#...........
###.................
##................


You could see a centaur, a gnoll shaman, 3 gnolls, 2 orcs, a quokka zombie and a
howler monkey zombie.

Vanquished Creatures
  Sigmund (D:2)
  3 ogres (D:4)
  A centaur (D:5)
  A big kobold (Sewer)
  2 scorpions (D:4)
  2 howler monkeys (D:5)
  A crimson imp (D:5)
  Crazy Yiuf (D:2)
  A bullfrog skeleton (D:5)
  2 orc priests (D:4)
  A hound (D:4)
  Jessica (D:2)
  Natasha (thrice) (D:2)
  4 orc wizards
  2 worker ants (D:5)
  A hound zombie (D:4)
  11 adders
  4 gnolls (D:4)
  A howler monkey skeleton (D:4)
  A river rat (Sewer)
  2 oozes (D:2)
  An adder skeleton (D:4)
  A worm (D:2)
  5 dart slugs
  3 leopard geckos
  15 orcs
  A ball python (D:2)
  10 giant cockroaches
  7 goblins
  7 hobgoblins
  12 jackals
  A quokka (D:2)
  9 bats
  8 frilled lizards
  13 kobolds
  A leopard gecko skeleton (D:4)
  8 rats
148 creatures vanquished.

Notes
Turn   | Place    | Note
-------+----------+-------------------------------------------
     0 | D:1      | Impeuri the Demonspawn Gladiator began the quest for the
                  | Orb.
     0 | D:1      | Reached XP level 1. HP: 16/16 MP: 1/1
    81 | D:1      | Reached skill level 3 in Long Blades
   175 | D:1      | Gained mutation: You are slightly more attuned to the
                  | shadows. [demonic ancestry]
   175 | D:1      | Reached XP level 2. HP: 22/22 MP: 2/2
   642 | D:1      | Gained mutation: You are partially covered in sharp spines.
                  | [demonic ancestry]
   642 | D:1      | Reached XP level 3. HP: 26/27 MP: 3/3
   931 | D:2      | Reached skill level 4 in Long Blades
  1138 | D:2      | Gained mutation: You are mostly covered in sharp spines.
                  | [demonic ancestry]
  1138 | D:2      | Reached XP level 4. HP: 33/33 MP: 4/4
  1265 | D:2      | Noticed Jessica
  1271 | D:2      | Killed Jessica
  1282 | D:2      | Noticed Sigmund
  1293 | D:2      | Killed Sigmund
  1293 | D:2      | Reached skill level 6 in Long Blades
  1293 | D:2      | Gained mutation: When seriously injured, your bleeding
                  | wounds create armour. (AC +6) [demonic ancestry]
  1293 | D:2      | Reached XP level 5. HP: 24/38 MP: 5/5
  1585 | D:2      | Reached XP level 6. HP: 38/44 MP: 6/6
  1765 | D:2      | Noticed Natasha
  1770 | D:2      | Killed Natasha
  1846 | D:2      | Found a runed translucent door.
  1847 | D:2      | Noticed Crazy Yiuf
  1855 | D:2      | Paralysed by Crazy Yiuf for 5 turns
  1857 | D:2      | Killed Crazy Yiuf
  2218 | D:2      | Found a snail-covered altar of Cheibriados.
  2219 | D:2      | Noticed Natasha
  2227 | D:2      | Killed Natasha
  2322 | D:2      | Noticed Natasha
  2328 | D:2      | Killed Natasha
  2639 | D:3      | Found a blossoming altar of Fedhas.
  2670 | D:3      | Found an ancient bone altar of Kikubaaqudgha.
  3245 | D:4      | Reached XP level 7. HP: 45/52 MP: 7/7
  3246 | D:4      | Found a glowing drain.
  3312 | Sewer    | Entered a sewer
  3534 | Sewer    | Found a glowing silver altar of Zin.
  3916 | D:4      | Reached skill level 7 in Long Blades
  3946 | D:4      | Found a staircase to the Ecumenical Temple.
  3953 | Temple   | Entered the Ecumenical Temple
  4014 | Temple   | Became a worshipper of Uskayaw the Reveler
  4220 | D:4      | Reached * piety under Uskayaw
  4224 | D:4      | Reached ** piety under Uskayaw
  4361 | D:4      | Reached skill level 1 in Invocations
  4361 | D:4      | Reached XP level 8. HP: 61/61 MP: 8/8
  4694 | D:5      | Entered Level 5 of the Dungeon
  4709 | D:5      | Found Puefuoqi's Magic Scroll Boutique.
  4884 | D:5      | Found Muefiak's Book Shop.
  4890 | D:5      | Reached *** piety under Uskayaw
  5252 | D:5      | Found Heicisets's Book Shoppe.
  5272 | D:5      | HP: 3/61 [centaur/arrow (8)]
  5272 | D:5      | Killed from afar by an orc priest

Illustrated notes

Levels and vault maps discovered:
D:1:      scummos_arrival_simple_fountains, layout_loops_ring,
          hangedman_decor_growths
D:2:      layout_loops_ring, lemuel_round_altar, uniq_sigmund, uniq_natasha,
          uniq_crazy_yiuf_cottage, uniq_jessica
D:3:      kb_forest_paths, layout_loops_ring, fedhas_ov_isle_minmay,
          old_standard_altar
D:4:      layout_loops_ring, temple_statues, serial_forest,
          infiniplex_forest_straight_4, infiniplex_forest_clump_medium,
          infiniplex_forest_lined_3, infiniplex_forest_lined_room_3,
          infiniplex_forest_3_way, infiniplex_forest_lined_1,
          infiniplex_forest_clump_small, infiniplex_forest_lined_3,
          gup_sewer_entry_glass, first_ration
D:5:      layout_layer_cave, zin_statuary, serial_shops, shop,
          nicolae_shop_behind_doors, kennysheep_mini_moat, shop, shop,
          uniq_edmund
Temple:   minmay_temple_bridge_abc

Skill      XL: |  1  2  3  4  5  6  7  8 |
---------------+-------------------------+-----
Long Blades    | 3 4 6 7 |  7.4
Dodging        | 3 4 |  4.8
Fighting       | 3 4 |  4.9
Throwing       | 2 3 |  3.2
Invocations    | 1 2 |  2.8

Action                   |  1- 3 |  4- 6 |  7- 9 || total
-------------------------+-------+-------+-------++-------
Melee: Long sword        |    67 |    85 |   142 ||   294
Throw: Throwing net      |       |       |     3 ||     3
Invok: Stomp             |       |       |     1 ||     1
       Line Pass         |       |       |     1 ||     1
  Use: Potion            |       |     1 |       ||     1
       Scroll            |       |     2 |       ||     2
 Stab: Sleeping          |     4 |     9 |     4 ||    17
       Held in net/web   |       |       |     4 ||     4
       Paralysed         |       |       |     4 ||     4
  Eat: Chunk             |     1 |     6 |     7 ||    14
Armor: Leather armour    |    20 |    23 |    32 ||    75
Dodge: Dodged            |    43 |    35 |    90 ||   168
       Rpst.: Long sword |    18 |    10 |    32 ||    60
